 Dungeon Crawl Stone Soup version 0.32-a0-913-g739538afd8 (webtiles) character file.

Game seed: 14080180586505250023

260228 Shayle the Mimic (level 19, 0/132 (144) HPs)
             Began as a Coglin Alchemist on Apr 8, 2024.
             Was the Champion of Cheibriados.
             Killed by a resonance strike
             ... invoked by Zenata
              (9 damage)
             ... on level 1 of the Vaults on Apr 9, 2024.
             The game lasted 04:00:52 (57018 turns).

Shayle the Mimic (Coglin Alchemist)                Turns: 57018, Time: 04:00:55

HP:   0/132 (144)   AC: 21    Str: 26    XL:     19   Next: 92%
MP:   5/31          EV: 22    Int: 38    God:    Cheibriados [******]
Gold: 1522          SH:  0    Dex: 32    Spells: 5/34 levels left

rFire   + . .        z - +3 Elemental Staff {ele, rElec rF+ rC+ AC+3}
rCold   + . .        O - +8 scimitar (flame) {Miranda}
rNeg    . . .        u - +2 leather armour {rPois}
rPois   +            R - +2 hat {Int+3}
rElec   +            m - +2 cloak {rCorr}
rCorr   +            y - +2 pair of gloves
SInv    .            i - +2 pair of boots
Will    ++...        (amulet unavailable)
Stlth   +++          (ring unavailable)
HPRegen 0.42/turn    (ring unavailable)
MPRegen 0.22/turn    H - dynamic gyroencabulator {AutoDazzle, rPois Will+ rCorr}

%: no passive effects
@: about to teleport, very slightly contaminated, drained, very slow
A: off-hand wielding, slow wielding, warmup strikes, no jewellery, clever 1
}: 2/15 runes: decaying, serpentine
a: Renounce Religion, Bend Time, Temporal Distortion, Slouch, Step From Time


You were on level 1 of the Vaults.
You worshipped Cheibriados.
Cheibriados was exalted by your worship.
You visited 7 branches of the dungeon, and saw 32 of its levels.
You also visited: Ossuary, Gauntlet and Ice Cave.

You collected 3668 gold pieces.
You spent 2146 gold pieces at shops.

Inventory:

Hand Weapons
 l - a +2 spectral demon whip
 r - the +7 spear of Fyl Gurr {flame, rElec Dex+2}
   (You found it on level 2 of the Dungeon)

   Dex+2:     It affects your dexterity (+2).
   rElec:     It insulates you from electricity.
 z - the +3 Elemental Staff (weapon) {ele, rElec rF+ rC+ AC+3}
   (You took it off a deep elf pyromancer on level 9 of the Dungeon)

   AC+3:      It affects your AC (+3).
   rF+:       It protects you from fire.
   rC+:       It protects you from cold.
   rElec:     It insulates you from electricity.
 O - a +8 scimitar of flaming (offhand) {Miranda}
 Z - the +3 long sword of Obiter Dictum {flame, Int+2}
   (You found it in a Gauntlet)

   Int+2:     It affects your intelligence (+2).
Missiles
 e - 2 curare-tipped darts
 M - a throwing net
Armour
 i - a +2 pair of boots (worn)
 m - a +2 cloak of preservation (worn)
 u - a +2 leather armour of poison resistance (worn)
 y - a +2 pair of gloves (worn)
 R - a +2 hat of intelligence (worn)
Gizmo
 H - a dynamic gyroencabulator (installed) {AutoDazzle, rPois Will+ rCorr}
   (You invented it yourself on level 2 of the Orcish Mines)

   [dynamic gyroencabulator]

   AutoDazzle: It sometimes fires a blinding ray at enemies whose attacks you
   dodge.
   rPois:     It protects you from poison.
   Will+:     It increases your willpower.
   rCorr:     It protects you from acid and corrosion.
Wands
 c - a wand of light (1)
 f - a wand of polymorph (6)
 t - a wand of charming (11)
 I - a wand of digging (8)
 N - a wand of mindburst (3)
 U - a wand of warping (5)
Scrolls
 a - 2 scrolls of revelation
 h - 5 scrolls of fog
 k - 7 scrolls of amnesia
 o - 7 scrolls of vulnerability
 q - 8 scrolls of teleportation
 s - a scroll of summoning
 v - a scroll of poison
 F - 3 scrolls of immolation
 X - 2 scrolls of silence
Potions
 b - 5 potions of magic
 d - 2 potions of invisibility
 g - 3 potions of curing
 p - a potion of might
 w - 2 potions of cancellation
 x - 3 potions of mutation
 A - 4 potions of resistance
 B - 4 potions of ambrosia
 C - 4 potions of brilliance
 D - 3 potions of lignification
 J - a potion of berserk rage
 K - 4 potions of enlightenment
Miscellaneous
 P - a phial of floods (inert)
 V - a lightning rod (3/4)
 W - a phantom mirror (inert)
 Y - a box of beasts (inert)


   Skills:
 - Level 11.4 Fighting
 - Level 12.0 Staves
 - Level 7.5 Armour
 - Level 10.0 Dodging
 - Level 1.5 Stealth
 - Level 8.3 Spellcasting
 - Level 13.0 Conjurations
 - Level 11.8 Fire Magic
 - Level 5.9 Air Magic
 - Level 9.1 Alchemy
 + Level 14.9 Shapeshifting


You had 5 spell levels left.
You knew the following spells:

 Your Spells              Type           Power      Damage    Failure   Level
a - Sting                 Conj/Alch      100%       1d9       1%          1
b - Mephitic Cloud        Conj/Alch/Air  92%        N/A       1%          3
c - Sticky Flame          Fire/Alch      97%        2d14      1%          4
d - Olgreb's Toxic Radia  Alch           71%        N/A       1%          4
e - Ignite Poison         Fire/Alch      97%        N/A       1%          4
f - Summon Blazeheart Go  Fire/Summ      74%        N/A       2%          4
g - Blink                 Tloc           30%        N/A       4%          2
h - Orb of Destruction    Conj           43%        9d12      11%         7

Your spell library contained the following spells:

 Spells                   Type           Power      Damage    Failure   Level
 Magic Dart               Conj           100%       1d8       0%          1
 Mercury Vapours          Alch/Air       100%       N/A       1%          2
 Momentum Strike          Conj/Tloc      100%       3d10      1%          2
 Scorch                   Fire           100%       2d9       1%          2
 Searing Ray              Conj           100%       2d8       1%          2
 Dazzling Flash           Conj/Hex       100%       N/A       1%          3
 Hailstorm                Conj/Ice       78%        3d13      1%          3
 Flame Wave               Conj/Fire      100%       2d21      1%          4
 Fulminant Prism          Conj/Alch      39%        3d18      1%          4
 Apportation              Tloc           30%        N/A       2%          1
 Freeze                   Ice            92%        1d9       2%          1
 Necrotise                Necr           60%        1d7       2%          1
 Summon Small Mammal      Summ           60%        N/A       2%          1
 Lesser Beckoning         Tloc           30%        N/A       4%          2
 Leda's Liquefaction      Alch/Erth      33%        N/A       4%          4
 Call Canine Familiar     Summ           15%        N/A       8%          3
 Frozen Ramparts          Ice            46%        1d7       8%          3
 Sigil of Binding         Hex            15%        N/A       8%          3
 Dimensional Bullseye     Hex/Tloc       7%         N/A       26%         4
 Lee's Rapid Deconstruct  Erth           11%        3d8*      58%         5
 Starburst                Conj/Fire      52%        6d14      2%          6
 Ignition                 Fire           51%        3d14      80%         8
 Spellforged Servitor     Conj/Summ      30%        N/A       83%         7
 Permafrost Eruption      Ice/Erth       17%        2x4d5     99%         6
 Summon Cactus Giant      Summ           7%         N/A       99%         6
 Maxwell's Capacitive Co  Air            37%        ∞         100%        8


Dungeon Overview and Level Annotations

Branches:
Dungeon (15/15)            Temple (1/1) D:4            Lair (5/5) D:8
  Swamp (4/4) Lair:3        Snake (4/4) Lair:3        Slime (0/5) Lair:4
    Orc (2/2) D:9             Elf (0/3) Orc:2        Vaults (1/5) D:14
 Depths (0/4) D:15        Ossuary (visited)           IceCv (visited)
Gauntlet (visited)

Altars:
Ashenzari
Cheibriados
Dithmenos
Elyvilon
Fedhas
Gozag
Hepliaklqana
Kikubaaqudgha
Makhleb
Nemelex Xobeh
Okawaru
Qazlal
Ru
Sif Muna
Trog
Uskayaw
Vehumet
Wu Jian
Xom
Yredelemnul
Zin
The Shining One
Beogh
Jiyva
Lugonu

Shops:
D:3 ?   D:5 ?   D:7 *   D:11 [   D:13 ?=((   Orc:2 =(*[   Snake:3 !=
Snake:4 :

Annotations:
D:1 2 runed translucent doors
D:5 1 runed translucent door, Foxy's ghost, novice CoGl
D:8 4 transporters
D:12 2 transporters
Snake:3 2 runed translucent doors, scarr's ghost, adept DrFE
Vaults:1 Norris; Zenata


Innate Abilities, Weirdness & Mutations

You can wield a second weapon in your off-hand.
It takes a long time for you to wield or remove held weapons.
Your first few attacks do less damage.
You cannot equip rings or amulets.
Your mind is acute. (Int +4, Str/Dex -1)


Message History

The +0 heavy flail hits you. The +1 battleaxe of venom misses you.
Unknown command.
The +3 flail of draining hits you but does no damage.
You feel drained. The +3 flail of draining misses you.
The +0 heavy flail closely misses you. The +3 flail of draining hits you!!
* * * LOW HITPOINT WARNING * * *
You feel drained.
* * * LOW HITPOINT WARNING * * *
The +0 heavy flail hits you but does no damage.
The +1 battleaxe of venom misses you.
The +3 flail of draining hits you but does no damage.
You feel drained.
Okay, then.
Okay, then.
Aim the phial where?
Press: ? - help, Shift-Dir - straight line, f - purple ugly thing, p - Zenata
Aim: a purple ugly thing (71% to hit)
The torrent of water misses the +3 flail of draining.
The torrent of water hits the purple ugly thing!
The purple ugly thing is lightly wounded.
The purple ugly thing is knocked back by the torrent of water.
The purple ugly thing is engulfed in water.
The wave splashes down.
You feel ready to blink again.
You hear a shout!
Zenata seems to regain her courage.
The +3 flail of draining barely misses you.
The +1 battleaxe of venom completely misses you.
The +0 heavy flail hits you but does no damage.
The +3 flail of draining hits you!
* * * LOW HITPOINT WARNING * * *
You feel drained.
* * * LOW HITPOINT WARNING * * *
The +1 battleaxe of venom barely misses you.
The +0 heavy flail misses you. Zenata gestures at you while chanting.
A blast of power from the earth and the adjacent constructs strikes you!
You die...
Zenata says, "Let's see what's inside you."
Cheibriados appreciates the motionlessness of death.

....#
#..........
....#
#a.........#
....#
#..........#
....#
#......[...#
....#
#..~u~)....#
....#
#..~~.)....#
....#
#..)~~.[...#
....#
#..((......#
....#
#..(@......#
....#
#..........#
......
..............#
......
..............#
.....
...............#
...............#
...............#
..............#


You could see Zenata, a purple ugly thing (waterlogged) and 3 dancing weapons.

Vanquished Creatures
  Vashnia (Snake:3)
  the Lernaean hydra (Swamp:4)
  Saint Roka (D:14)
  2 tentacled monstrosities
  Mlioglotl (Swamp:4)
  Asterion (Snake:1)
  2 sphinxes (D:11)
  Aizul (Snake:2)
  A thorn hunter (Swamp:3)
  Kirke (Swamp:1)
  7 nagarajas
  2 frost giants (IceCv)
  Louise (Snake:1)
  An orc warlord (Orc:2)
  An ironbound preserver (Vaults:1)
  5 eleionomae
  3 stone giants
  6 bunyips
  A white draconian (IceCv)
  Azrael (D:13)
  A minotaur (Gauntlet)
  2 salamander tyrants
  A shambling mangrove (Swamp:2)
  Harold (Lair:1)
  2 entropy weavers (shapeshifter)
  A vault guard (D:14)
  10 alligators
  21 hydras
  5 ice dragons
  5 ghost crabs
  An ogre mage (D:15)
  Erica (Lair:2)
  4 catoblepae
  7 anacondas
  4 boulder beetles
  10 ironbound frosthearts (IceCv)
  4 two-headed ogres
  2 centaur warriors
  An occultist (Gauntlet)
  5 naga warriors
  A deep troll earth mage (D:11)
  5 orc high priests (Orc:2)
  Urug (Lair:3)
  10 shock serpents
  2 hell hogs (Lair:5)
  A soul eater (Gauntlet)
  Nergalle (D:11)
  Sonja (Lair:4)
  16 naga sharpshooters
  5 skysharks
  10 salamander mystics (Snake:3)
  5 goliath frogs
  12 naga ritualists
  13 sea snakes
  A lindwurm (Lair:5)
  2 arcanists
  6 deep trolls (Vaults:1)
  19 mana vipers
  3 bog bodies
  5 spriggan druids
  7 swamp dragons
  An orange crystal statue (IceCv)
  9 orc knights
  Pikel (D:5)
  2 obsidian bats
  6 deep elf pyromancers
  An ironbound convoker (Vaults:1)
  4 orc sorcerers
  22 ugly things
  A wolf spider (Lair:5)
  4 manticores
  7 will-o-the-wisps
  15 salamanders
  7 cyclopes
  4 kobold blastminers (Orc:2)
  31 black mambas
  4 vault sentinels (Vaults:1)
  4 elephants
  2 guardian serpents (Snake:3)
  21 naga magi
  3 torpor snails
  A black mamba (shapeshifter) (D:13)
  4 gargoyles
  3 molten gargoyles (Lair:5)
  10 cane toads
  14 komodo dragons
  2 unseen horrors
  17 rime drakes
  An efreet (D:14)
  A freezing wraith (D:14)
  3 tengu conjurers (D:14)
  2 yaktaurs (Vaults:1)
  7 polar bears
  7 tyrant leeches
  11 trolls
  16 blink frogs
  6 hornets
  A hornet (shapeshifter) (D:11)
  A raiju (shapeshifter) (D:15)
  2 dream sheep (Lair:2)
  21 slime creatures
  2 centaur simulacra
  29 yaks
  A shadow (D:9)
  9 spriggans
  9 wyverns
  4 basilisks
  3 fire elementals
  A human (D:10)
  3 vampires
  9 hogs
  3 steam dragons
  4 wargs
  24 vampire mosquitoes
  11 swamp worms
  18 water moccasins
  9 hell hounds
  2 acid dragons
  35 nagas
  Duvessa (D:5)
  8 swamp drakes
  3 ice beasts (D:8)
  2 black bears
  2 laughing skulls
  21 orc warriors
  3 sky beasts
  2 boggarts
  14 ogres
  A lemure (D:5)
  23 wolves
  15 centaurs
  4 kobold brigands
  16 bullfrogs
  4 elf zombies (Ossuary)
  6 scorpions
  Dowan (D:5)
  8 electric eels
  7 howler monkeys
  A bombardier beetle (D:3)
  4 lava snakes (Lair:5)
  3 centaur zombies (Ossuary)
  3 jellies
  3 human zombies (Ossuary)
  13 orc priests
  4 hounds
  5 iguanas
  2 sleepcaps
  Ijyb (D:3)
  8 orc wizards
  10 hell rats (Lair:5)
  A crocodile zombie (Ossuary)
  3 mummies (Ossuary)
  8 adders
  3 river rats (Lair:5)
  6 shadow imps (Gauntlet)
  4 white imps
  3 dart slugs
  2 ribbon worms
  40 orcs
  12 bats
  5 endoplasms
  4 giant cockroaches
  7 hobgoblins
  7 jackals
  17 kobolds
  5 quokkas
  10 ball pythons
  6 frilled lizards
  6 goblins
  A kobold zombie (D:5)
  4 rats
  A butterfly (Lair:5)
1062 creatures vanquished.

Vanquished Creatures (collateral kills)
  A shock serpent (Snake:3)
  A mana viper (Snake:3)
  A naga ritualist (Snake:4)
  A bog body (Swamp:1)
  An ogre (Orc:2)
  A butterfly (Lair:5)
6 creatures vanquished.

Vanquished Creatures (others)
  A will-o-the-wisp (Swamp:2)
  4 bloated husks
  A naga (Snake:3)
  A swamp worm (Swamp:2)
  16 blazeheart cores
  42 foxfires
65 creatures vanquished.

Grand Total: 1133 creatures vanquished

Notes
Turn   | Place    | Note
-------+----------+-------------------------------------------
     0 | D:1      | Shayle the Coglin Alchemist began the quest for the Orb.
     0 | D:1      | Reached XP level 1. HP: 13/13 MP: 3/3
    43 | D:1      | Reached skill level 1 in Conjurations
   199 | D:1      | Found a large runed translucent door.
   199 | D:1      | Found a large runed translucent door.
   222 | D:1      | Reached XP level 2. HP: 18/20 MP: 1/4
   551 | D:1      | Reached skill level 1 in Fighting
   551 | D:1      | Reached XP level 3. HP: 20/26 MP: 5/5
  1082 | D:2      | Learned a level 3 spell: Mephitic Cloud
  1383 | D:2      | Found a faded altar of an unknown god.
  1420 | D:2      | Identified the +0 ring mail of Tialyrakh {Will++}
  1804 | D:2      | Reached XP level 4. HP: 32/32 MP: 6/6
  1965 | D:2      | Identified the +7 spear of Fyl Gurr {flame, rElec Dex+2}
  2070 | D:3      | Noticed Ijyb
  2085 | D:3      | Killed Ijyb
  2423 | D:3      | Reached XP level 5. HP: 23/38 MP: 7/7
  2528 | D:3      | Found a glowing golden altar of the Shining One.
  2624 | D:3      | Found Efuqueti's Magic Scroll Boutique.
  2628 | D:3      | Bought 2 scrolls of identify for 40 gold pieces
  2628 | D:3      | Bought a scroll of identify for 20 gold pieces
  2628 | D:3      | Bought a scroll of teleportation for 30 gold pieces
  3263 | D:4      | Found a shadowy altar of Dithmenos.
  3527 | D:4      | Found a staircase to the Ecumenical Temple.
  3537 | D:4      | Reached XP level 6. HP: 46/46 MP: 8/8
  3561 | Temple   | Entered the Ecumenical Temple
  3987 | D:5      | Entered Level 5 of the Dungeon
  3988 | D:5      | Noticed a sky beast
  4014 | D:5      | Found a runed translucent door.
  4014 | D:5      | Noticed Foxy's ghost (novice CoGl)
  4067 | D:5      | Reached skill level 5 in Alchemy
  4089 | D:5      | Found a snail-covered altar of Cheibriados.
  4189 | D:5      | Killed a sky beast
  4190 | D:5      | Reached XP level 7. HP: 50/52 MP: 9/9
  4191 | D:5      | Found Zierghuol's Magic Scroll Boutique.
  4219 | D:5      | Found a sand-covered staircase.
  4221 | D:5      | Noticed Duvessa
  4222 | D:5      | Noticed Dowan
  4239 | D:5      | Killed Duvessa
  4250 | D:5      | Killed Dowan
  4256 | Ossuary  | Entered an ossuary
  4567 | Ossuary  | Reached XP level 8. HP: 58/60 MP: 10/10
  4816 | D:5      | Bought a scroll of identify for 24 gold pieces
  4816 | D:5      | Bought a scroll of blinking for 90 gold pieces
  4817 | D:5      | Identified a scroll of acquirement
  4820 | D:5      | Acquired 732 gold pieces
  4854 | D:5      | Noticed Pikel
  4870 | D:5      | Killed Pikel
  4871 | D:5      | Reached skill level 5 in Fighting
  4871 | D:5      | Reached skill level 5 in Dodging
  4877 | D:5      | Reached skill level 5 in Conjurations
  4877 | D:5      | Reached XP level 9. HP: 34/68 MP: 3/11
  4945 | D:5      | Found an ornate altar of the Wu Jian Council.
  4953 | D:5      | Found a white marble altar of Elyvilon.
  5551 | D:5      | Found a burning altar of Makhleb.
  5629 | D:5      | Became a worshipper of Cheibriados the Contemplative
  5747 | D:6      | Found a radiant altar of Vehumet.
  5896 | D:6      | Reached * piety under Cheibriados
  6047 | D:6      | Found an opulent altar of Gozag.
  6146 | D:6      | Reached ** piety under Cheibriados
  6628 | D:7      | Reached XP level 10. HP: 73/77 MP: 12/12
  6706 | D:7      | Found a hide-covered altar of Uskayaw.
  6708 | D:7      | Found a blossoming altar of Fedhas.
  6708 | D:7      | Found a broken altar of Ashenzari.
  6952 | D:7      | Noticed a cyan ugly thing
  6964 | D:7      | Killed a cyan ugly thing
  7265 | D:7      | Found a glowing silver altar of Zin.
  7293 | D:7      | Found an ancient bone altar of Kikubaaqudgha.
  7428 | D:7      | Found Afarekeg's Assorted Antiques.
  7436 | D:7      | Bought an encrusted copper wand for 88 gold pieces
  7436 | D:7      | Bought a short brass wand for 88 gold pieces
  7436 | D:7      | Bought a puce potion for 19 gold pieces
  7436 | D:7      | Bought a metallic white potion for 19 gold pieces
  8086 | D:8      | Found a transporter.
  8098 | D:8      | Found a staircase to the Lair.
  8107 | Lair:1   | Entered Level 1 of the Lair of Beasts
  8107 | Lair:1   | Noticed a cane toad
  8118 | Lair:1   | Killed a cane toad
  8118 | Lair:1   | Reached *** piety under Cheibriados
  8125 | Lair:1   | Learned a level 4 spell: Sticky Flame
  8178 | Lair:1   | Noticed a cane toad
  8240 | Lair:1   | Killed a cane toad
  8255 | Lair:1   | Reached skill level 1 in Fire Magic
  8255 | Lair:1   | Reached skill level 1 in Air Magic
  8476 | Lair:1   | Noticed a cane toad
  8482 | Lair:1   | Killed a cane toad
  8562 | Lair:1   | Noticed a torpor snail
  8581 | Lair:1   | Killed a torpor snail
  8583 | Lair:1   | Reached XP level 11. HP: 20/86 MP: 13/15
  8921 | Lair:1   | Noticed Harold
  8950 | Lair:1   | Killed Harold
  9378 | Lair:2   | Noticed Erica
  9607 | Lair:2   | Noticed a skyshark
  9616 | Lair:1   | Learned a level 4 spell: Olgreb's Toxic Radiance
  9621 | Lair:1   | Learned a level 4 spell: Ignite Poison
  9634 | Lair:2   | Killed a skyshark
  9739 | Lair:2   | Killed Erica
 10184 | D:3      | Bought a scroll of enchant armour for 75 gold pieces
 10299 | D:5      | Bought a scroll of enchant weapon for 90 gold pieces
 10299 | D:5      | Bought a scroll of enchant weapon for 90 gold pieces
 10422 | D:8      | Reached **** piety under Cheibriados
 10651 | D:8      | Found a transporter.
 10822 | D:8      | Identified the +5 spear of Cijewump {heavy, rF+ rC- rCorr
                  | Stlth+}
 10898 | D:8      | Found a transporter.
 10972 | D:8      | Found a transporter.
 11765 | Lair:2   | Reached XP level 12. HP: 95/95 MP: 5/18
 12396 | Lair:3   | Found a staircase to the Swamp.
 12453 | Lair:3   | Reached ***** piety under Cheibriados
 12582 | Lair:3   | Identified the +5 morningstar of Evuh {flame, rPois rC+++
                  | Str+3 Int-5}
 12608 | Lair:3   | Reached skill level 5 in Spellcasting
 12610 | Lair:3   | Reached skill level 5 in Fire Magic
 12610 | Lair:3   | Reached skill level 5 in Air Magic
 12764 | Lair:3   | Noticed Urug
 12779 | Lair:3   | Killed Urug
 12985 | Lair:3   | Found a staircase to the Snake Pit.
 13105 | Lair:3   | Noticed a four-headed hydra
 13118 | Lair:3   | Killed a three-headed hydra
 13216 | Lair:3   | Reached skill level 10 in Fighting
 13828 | Lair:4   | Found a gate leading to a gauntlet.
 13846 | Lair:4   | Found a staircase to the Slime Pits.
 13848 | Gauntlet | Entered a Gauntlet
 13848 | Gauntlet | Found a transporter.
 13848 | Gauntlet | Found a transporter.
 13848 | Gauntlet | Found a large runed translucent door.
 13848 | Gauntlet | Found a large runed translucent door.
 13848 | Gauntlet | Found a large runed translucent door.
 13848 | Gauntlet | Found a large runed translucent door.
 13848 | Gauntlet | Found a large runed translucent door.
 13848 | Gauntlet | Found a large runed translucent door.
 13848 | Gauntlet | Found a runed translucent door.
 13848 | Gauntlet | Found a runed translucent door.
 13848 | Gauntlet | Found a large runed translucent door.
 13848 | Gauntlet | Found a large runed translucent door.
 13848 | Gauntlet | Found a large runed translucent door.
 13848 | Gauntlet | Found a large runed translucent door.
 13848 | Gauntlet | Found a large runed translucent door.
 13848 | Gauntlet | Found a large runed translucent door.
 13876 | Gauntlet | Noticed a soul eater
 13928 | Gauntlet | Found a large runed translucent door.
 13928 | Gauntlet | Found a large runed translucent door.
 13929 | Gauntlet | Found a runed translucent gate.
 13929 | Gauntlet | Found a runed translucent gate.
 13929 | Gauntlet | Found a runed translucent gate.
 13931 | Gauntlet | Found a transporter.
 13941 | Gauntlet | Found a large runed translucent door.
 13942 | Gauntlet | Found a large runed translucent door.
 13946 | Gauntlet | Found a transporter.
 13950 | Gauntlet | Noticed a hell beast
 13967 | Gauntlet | Found a transporter.
 13974 | Gauntlet | Found a transporter.
 13992 | Gauntlet | Found a transporter.
 14062 | Gauntlet | Found a transporter.
 14077 | Gauntlet | Found a transporter.
 14093 | Gauntlet | Found a transporter.
 14106 | Gauntlet | Found a transporter.
 14114 | Gauntlet | Noticed an occultist
 14133 | Gauntlet | Noticed a ghost crab
 14192 | Gauntlet | Found a transporter.
 14192 | Gauntlet | Found a transporter.
 14231 | Gauntlet | Found a transporter.
 14247 | Gauntlet | Found a transporter.
 14250 | Gauntlet | Found a transporter.
 14301 | Gauntlet | Learned a level 4 spell: Summon Blazeheart Golem
 14308 | Gauntlet | Killed a soul eater
 14350 | Gauntlet | Killed a ghost crab
 14463 | Gauntlet | Killed an occultist
 14464 | Gauntlet | Reached XP level 13. HP: 88/104 MP: 15/22
 14525 | Gauntlet | Noticed a minotaur
 14539 | Gauntlet | Killed a minotaur
 14648 | Gauntlet | Identified the +1 spear of Hyjef {speed, rC+ Dex+2}
 14648 | Gauntlet | Identified the +3 long sword of Obiter Dictum {flame,
                  | Int+2}
 14648 | Gauntlet | Identified the +0 pair of gloves of Reason {-Tele rN+ SInv
                  | Stlth+}
 14665 | Lair:4   | Found a viscous altar of Jiyva.
 15182 | Lair:4   | Reached skill level 10 in Dodging
 15745 | Lair:4   | Noticed Sonja
 15750 | Lair:4   | Killed Sonja
 15751 | Lair:4   | Reached skill level 1 in Armour
 15960 | Lair:5   | Entered Level 5 of the Lair of Beasts
 16016 | Lair:4   | Reached ****** piety under Cheibriados
 17876 | D:9      | Found a stormy altar of Qazlal.
 17918 | D:9      | Found a staircase to the Orcish Mines.
 18003 | Orc:1    | Entered Level 1 of the Orcish Mines
 18010 | Orc:1    | Reached skill level 1 in Staves
 18184 | Orc:2    | Entered Level 2 of the Orcish Mines
 18184 | Orc:2    | Noticed an orc warlord
 18184 | Orc:2    | Found Qaekugap's General Store.
 18188 | Orc:2    | Reached XP level 14. HP: 100/113 MP: 13/25
 18206 | Orc:2    | Killed an orc warlord
 18507 | Orc:2    | Found a staircase to the Elven Halls.
 18599 | Orc:2    | Found Ukograni's Antique Armour Emporium.
 19099 | Orc:2    | Reached skill level 5 in Armour
 19479 | Orc:2    | Paralysed by an orc sorcerer for 4 turns
 19874 | Orc:2    | Found a roughly hewn altar of Beogh.
 20317 | Orc:2    | Found Voyruenlum's Antique Weapon Emporium.
 20338 | Orc:2    | Found Kotot Vihal's Jewellery Boutique.
 20493 | Orc:2    | Bought a heavily runed cloak for 228 gold pieces
 20493 | Orc:2    | Identified the -2 cloak "Qoagroer" {Str+2 Int+3} (You
                  | bought it in a shop on level 2 of the Orcish Mines)
 20495 | Orc:2    | Acquired a dynamic gyroencabulator {AutoDazzle, rPois Will+
                  | rCorr}
 20909 | Swamp:1  | Entered Level 1 of the Swamp
 20914 | Swamp:1  | Noticed a tentacled monstrosity
 21592 | D:10     | Entered Level 10 of the Dungeon
 21844 | D:10     | Reached skill level 1 in Shapeshifting
 22376 | D:10     | Identified the +7 short sword "Akaefuyto" {flame, rElec
                  | Str+5}
 22709 | D:11     | Found Neruir's Armour Boutique.
 23146 | D:11     | Noticed a stone giant
 23153 | D:11     | Killed a stone giant
 23154 | D:11     | Reached skill level 2 in Shapeshifting
 23246 | D:11     | Noticed a sphinx
 23251 | D:11     | Killed a sphinx
 23698 | D:11     | Identified the +1 rapier "Bicoch" {vamp, ^Drain ^Fragile
                  | +Blink Int+3 Dex+3}
 24052 | D:11     | Noticed Nergalle
 24057 | D:11     | Killed Nergalle
 24058 | D:11     | Reached skill level 5 in Staves
 24208 | D:11     | Reached XP level 15. HP: 102/119 MP: 22/27
 24311 | D:11     | Reached skill level 3 in Shapeshifting
 24575 | D:11     | Noticed a sphinx
 24580 | D:11     | Killed a sphinx
 25421 | D:12     | Found a transporter.
 25437 | D:12     | Found a transporter.
 25535 | D:11     | Bought a +2 cloak of preservation for 258 gold pieces
 25980 | D:13     | Found Focwuash's Antique Weapon Shoppe.
 26327 | D:13     | Reached skill level 4 in Shapeshifting
 26386 | D:13     | Found Onabuqid's Magic Scroll Boutique.
 26394 | D:13     | Bought a scroll of blinking for 135 gold pieces
 26394 | D:13     | Bought a scroll of enchant weapon for 135 gold pieces
 26394 | D:13     | Bought a scroll of blinking for 135 gold pieces
 26394 | D:13     | Bought 3 scrolls of teleportation for 162 gold pieces
 26568 | D:13     | You fall into a shaft and drop 2 floors!
 26568 | D:15     | Entered Level 15 of the Dungeon
 26592 | D:15     | Found a staircase to the Depths.
 26619 | D:15     | Reached skill level 10 in Fire Magic
 26962 | D:13     | Noticed Azrael
 27569 | Lair:5   | Reached skill level 5 in Shapeshifting
 28364 | Lair:5   | Found a large runed translucent door.
 28364 | Lair:5   | Found a large runed translucent door.
 29298 | Lair:3   | Learned a level 2 spell: Blink
 29567 | Lair:3   | Killed a tentacled monstrosity
 29800 | Swamp:1  | Reached XP level 16. HP: 117/126 MP: 13/28
 29808 | Swamp:1  | Reached skill level 6 in Shapeshifting
 30311 | Swamp:1  | Noticed Kirke
 30329 | Swamp:1  | Killed Kirke
 30878 | Snake:1  | Entered Level 1 of the Snake Pit
 31289 | Snake:1  | Noticed Asterion
 31937 | Snake:1  | Reached skill level 7 in Shapeshifting
 32139 | Snake:1  | Noticed Louise
 32164 | Snake:1  | Killed Louise
 32719 | Snake:1  | Killed Asterion
 34316 | Snake:2  | Reached skill level 10 in Staves
 34441 | Snake:2  | Identified the serpent talisman of Going Fast {rF+ rCorr}
 34441 | Snake:2  | Noticed Aizul
 34685 | Snake:2  | Killed Aizul
 34686 | Snake:2  | Reached XP level 17. HP: 92/131 MP: 14/29
 35248 | Snake:2  | Learned a level 7 spell: Orb of Destruction
 37061 | Snake:3  | Reached skill level 10 in Conjurations
 37271 | Snake:3  | Found Hadusaid's Jewellery Emporium.
 37276 | Snake:3  | Found a large runed translucent door.
 37752 | Snake:3  | Found a large runed translucent door.
 37755 | Snake:3  | Noticed scarr's ghost (adept DrFE)
 37877 | Snake:3  | Found Emobeol's Distillery.
 37885 | Snake:3  | Bought a potion of curing for 36 gold pieces
 37885 | Snake:3  | Bought 2 potions of curing for 72 gold pieces
 37885 | Snake:3  | Bought a potion of heal wounds for 60 gold pieces
 37885 | Snake:3  | Bought a potion of heal wounds for 60 gold pieces
 38176 | Snake:4  | Entered Level 4 of the Snake Pit
 40119 | D:13     | Found Cor Mauf's Jewellery Shop.
 40119 | D:13     | Found Othooshu's Antique Weapon Shop.
 40724 | D:14     | Found a gate to the Vaults.
 40858 | D:14     | Identified the +1 chain mail of the King of the Hill {rF+}
 43437 | Snake:3  | Bought a potion of mutation for 96 gold pieces
 43437 | Snake:3  | Bought a potion of mutation for 96 gold pieces
 43437 | Snake:3  | Gained mutation: Your health recovers twice as slowly from
                  | being drained. [potion of mutation]
 43438 | Snake:3  | Lost mutation: Your health recovers twice as slowly from
                  | being drained. [potion of mutation]
 43438 | Snake:3  | Gained mutation: You are partially covered in large bone
                  | plates. (SH +4) [potion of mutation]
 43438 | Snake:3  | Gained mutation: You have a pair of small antennae on your
                  | head. [potion of mutation]
 43439 | Snake:3  | Lost mutation: You are partially covered in large bone
                  | plates. (SH +4) [potion of mutation]
 43439 | Snake:3  | Lost mutation: You have a pair of small antennae on your
                  | head. [potion of mutation]
 43439 | Snake:3  | Gained mutation: Your mind is acute. (Int +4, Str/Dex -1)
                  | [potion of mutation]
 43509 | Snake:4  | Noticed Vashnia
 43527 | Snake:3  | Killed Vashnia
 43528 | Snake:3  | Reached XP level 18. HP: 56/138 MP: 8/30
 45082 | Snake:3  | Reached skill level 8 in Shapeshifting
 45184 | Snake:4  | Found Nerargh's Book Boutique.
 46578 | Snake:4  | Reached skill level 9 in Shapeshifting
 47561 | Snake:4  | Got a serpentine rune of Zot
 48918 | Swamp:2  | Reached skill level 10 in Shapeshifting
 49151 | Swamp:2  | Noticed a tentacled monstrosity
 49735 | Swamp:2  | Killed a tentacled monstrosity
 50656 | Swamp:3  | Reached skill level 11 in Shapeshifting
 51594 | Swamp:4  | Entered Level 4 of the Swamp
 51701 | Swamp:4  | Noticed Mlioglotl
 51702 | Swamp:4  | Found a glacial archway.
 51719 | Swamp:4  | Reached XP level 19. HP: 96/144 MP: 7/31
 51892 | Swamp:4  | Reached skill level 12 in Shapeshifting
 51968 | IceCv    | Entered an ice cave
 53051 | IceCv    | Reached skill level 13 in Shapeshifting
 53329 | IceCv    | Identified the ring "Uvent" {rC+ rCorr}
 53503 | Swamp:4  | Noticed the 27-headed Lernaean hydra
 53507 | Swamp:4  | Killed the 27-headed Lernaean hydra
 53948 | Swamp:4  | Identified the +6 chain mail "Sirewnux" {SInv}
 54043 | Swamp:4  | Killed Mlioglotl
 54679 | Swamp:4  | Reached skill level 14 in Shapeshifting
 54901 | Swamp:4  | Got a decaying rune of Zot
 55607 | D:13     | Killed Azrael
 55705 | Vaults:1 | Entered Level 1 of the Vaults
 55793 | Vaults:1 | Noticed Saint Roka
 56130 | D:14     | Killed Saint Roka
 56627 | Vaults:1 | Noticed Norris
 57003 | Vaults:1 | Noticed Zenata
 57018 | Vaults:1 | Killed from afar by Zenata

Illustrated notes

Levels and vault maps discovered:
D:1:      erik_arrival_cave_to_civilisation [erik_arrival_cave_to_temple],
          layout_basic
D:2:      layout_loops_cross, hellmonk_ecumenical_altar_crossroads,
          minmay_misc_feat_rows, grunt_decor_arrowhead
D:3:      layout_basic, mainiacjoe_overflow_tiny_flanked, serial_shops, shop,
          uniq_ijyb
D:4:      layout_basic, grunt_dithmenos_smoke, minmay_temple_entry_trees
D:5:      layout_loops_ring, makhleb_heckhound_becter, jmf_multi_god_temple2,
          mainiacjoe_overflow_small_starburst, enter_ossuary_3,
          gammafunk_ghost_grave, serial_shops,
          nicolae_shop_pleasant_corner_grove, uniq_duvessa, uniq_pikel,
          uniq_edmund
D:6:      old_forge, layout_gridville, general_overflow_altar,
          mainiacjoe_overflow_surrounded_room, minmay_unpleasant_kobolds
D:7:      layout_loops_ring, mainiacjoe_overflow_catwalk_spiral,
          grunt_temple_overflow_open, serial_shops, shop, serial_glass,
          glass_columns_b, glass_columns_a, minmay_strange_pillars,
          minmay_strange_pillars
D:8:      layout_basic, hellmonk_lair_entry_icy, nicolae_diode_intersection
D:9:      layout_loops_ring, lemuel_tele_altar, orc_0_dummy,
          dilly_guarded_unrand_elemental_staff
D:10:     layout_stronghold, grunt_livestock
D:11:     minmay_box_of_curves, layout_basic, serial_shops,
          nicolae_take_the_stairs, uniq_nergalle
D:12:     gammafunk_worm_tunnel, layout_cave_pools
D:13:     layout_irregular_city, serial_shops, shop, shop, shop, shop,
          uniq_azrael
D:14:     layout_basic, david_vaults_5, minivault_11
D:15:     grunt_enter_depths_giant_problem, layout_loops_ring,
          hangedman_abyss_or_decor_stabs, chequers_serial_rivers_room_a
Temple:   corrupted_temple
Lair:1:   layout_cave_pods, uniq_harold
Lair:2:   layout_cave_pods, grunt_megastairs_5, uniq_erica
Lair:3:   layout_small_grid, skrybe_swamp_entry_bodies,
          guppyfry_snake_entry_island, grunt_forest_stairs_clearing, uniq_urug
Lair:4:   layout_regular_city, slime_entry_1, gauntlet_entry_generic, uniq_sonja
Lair:5:   cheibrodos_lair_end_hotspot, layout_regular_city,
          kennysheep_abandoned_house, lemuel_fruit_fields
Swamp:1:  layout_basic_swamp, evilmike_swamp_ruin_rubble_1, swamp_pool_3,
          nicolae_swamp_wisp_ring_woods, uniq_kirke
Swamp:2:  layout_falls_marsh, evilmike_swamp_ruin_house_2
Swamp:3:  layout_falls_marsh, evilmike_swamp_ruin_house_4
Swamp:4:  swamp_old_school, layout_basic_swamp, portal_ice_cave_entry_dragon,
          infiniplex_staircase_pool, uniq_mlioglotl
Snake:1:  layout_layer_cave, grunt_ministairs_15,
          nicolae_snake_round_shape_thing, uniq_louise, uniq_asterion
Snake:2:  cheibrodos_forgotten_conduit, layout_chambers, serial_bayou_ford_a,
          grunt_megastairs_1, serial_bayou_shore_a, uniq_aizul
Snake:3:  layout_onion, ebering_ghost_disaster_area, serial_shops,
          nicolae_shop_tiny_statue_garden, shop, st_stairs_13,
          guppyfry_snake_island
Snake:4:  johnstein_snake_rune_scales, layout_onion_interference, serial_shops,
          shop, hangedman_snake_thin_pillar_pass, uniq_vashnia
Orc:1:    layout_caves
Orc:2:    grunt_orc_gardens, layout_diamond_mine, grunt_orc_garden,
          grunt_orc_garden, grunt_orc_garden, grunt_orc_garden,
          minmay_orc_temple_c
Vaults:1: vaults_room_door_ring, nicolae_vaults_network_quincunx
          [nicolae_vaults_network_quincunx_subvault,
          nicolae_vaults_network_quincunx_subvault,
          nicolae_vaults_network_quincunx_subvault,
          nicolae_vaults_network_quincunx_subvault,
          nicolae_vaults_network_quincunx_subvault], vaults_room_octagon,
          nicolae_vaults_tetromino_L_2, nicolae_vaults_security_offices_1,
          nicolae_vaults_variable_pillar_hall, v_pattern_1,
          layout_vaults_chaotic_city, uniq_donald, uniq_saint_roka, uniq_norris,
          uniq_zenata

Skill      XL: |  1  2  3  4  5  6  7  8  9 10 11 12 13 14 15 16 17 18 19 |
---------------+----------------------------------------------------------+-----
Conjurations   | 1 2 3 5 6 7 8 12 13 | 13.0
Dodging        | 2 3 4 5 6 7 8 9 10 | 10.0
Fighting       | 1 2 3 4 5 6 8 9 10 11 | 11.4
Alchemy        | 4 5 6 8 9 |  9.1
Spellcasting   | 2 4 6 7 8 |  8.3
Fire Magic     | 2 4 6 7 9 10 11 | 11.8
Air Magic      | 2 4 5 |  5.9
Armour         | 4 6 7 |  7.5
Staves         | 1 5 7 10 12 | 12.0
Shapeshifting  | 2 5 7 11 14 | 14.9
Stealth        | |  1.5

Action                     |  1- 3 |  4- 6 |  7- 9 | 10-12 | 13-15 | 16-18 | 19-21 || total
---------------------------+-------+-------+-------+-------+-------+-------+-------++-------
  Melee: Whip              |    52 |       |       |       |       |       |       ||    52
         Hand axe          |    56 |     5 |       |       |       |       |       ||    61
         Unarmed           |     2 |       |       |       |       |     5 |       ||     7
         Dagger            |     4 |    74 |   215 |   148 |       |       |       ||   441
         Spear             |       |    70 |   237 |   230 |    56 |       |       ||   593
         Scimitar          |       |       |       |    95 |   379 |   475 |   135 ||  1084
         Staff             |       |       |       |       |   289 |   430 |   112 ||   831
  Throw: Dart              |       |       |       |     4 |       |       |       ||     4
   Cast: Sting             |    44 |       |       |     5 |     9 |     4 |       ||    62
         Mephitic Cloud    |       |       |     8 |    21 |    62 |    52 |    27 ||   170
         Sticky Flame      |       |       |       |    26 |   136 |   200 |    45 ||   407
         Ignite Poison     |       |       |       |    13 |    54 |    37 |    21 ||   125
         Olgreb's Toxic Ra |       |       |       |    11 |    63 |    62 |    23 ||   159
         Summon Blazeheart |       |       |       |     1 |     8 |    10 |     1 ||    20
         Orb of Destructio |       |       |       |       |       |    85 |    42 ||   127
         Blink             |       |       |       |       |       |       |     2 ||     2
 Invoke: Bend Time         |       |       |       |       |     1 |     1 |       ||     2
Ability: Invent Gizmo      |       |       |       |       |     1 |       |       ||     1
  Evoke: Wand              |       |       |       |    10 |    20 |    10 |     7 ||    47
         Lightning rod     |       |       |       |       |     8 |       |     1 ||     9
         Phantom mirror    |       |       |       |       |     2 |     3 |     1 ||     6
         Phial of floods   |       |       |       |       |     1 |       |     1 ||     2
         Box of beasts     |       |       |       |       |       |     1 |     1 ||     2
    Use: Scroll            |       |    11 |     6 |    12 |    20 |    13 |     5 ||    67
         Potion            |       |       |     2 |     1 |     1 |    13 |     8 ||    25
   Stab: Sleeping          |     1 |     1 |     1 |     2 |     2 |       |       ||     7
         Confused          |       |       |    16 |    14 |    41 |    48 |    17 ||   136
         Invisible         |       |       |       |     3 |     8 |    10 |     7 ||    28
         Distracted        |       |       |       |       |     2 |       |       ||     2
 Armour: Robe              |    39 |     7 |       |       |       |       |       ||    46
         Leather armour    |       |    50 |   141 |   174 |   443 |   897 |   287 ||  1992
         Skin              |       |       |       |       |       |     3 |       ||     3
  Dodge: Dodged            |    41 |    59 |   132 |   320 |   889 |  1115 |   395 ||  2951

Table legend: (Time is in decaauts)
 A = Elapsed time spent in this place.
 B = Non-inter-level travel time spent in this place.
 C = Inter-level travel time spent in this place.
 D = Time resting spent in this place.
 E = Time spent auto-exploring this place.
 F = Levels seen in this place.
 G = Mean time per level.
                   A        B        C        D        E       F      G
               +--------+--------+--------+--------+--------+-----+--------+
         Total |  78435 |  69793 |   8642 |  20353 |  33400 |  35 | 2241.0 |
       Dungeon |  27255 |  23640 |   3615 |   3398 |  15348 |  15 | 1817.0 |
        Temple |     11 |     11 |      0 |      0 |      0 |   1 |   11.0 |
          Lair |  15344 |  12548 |   2796 |   2507 |   7254 |   5 | 3068.8 |
         Swamp |   9308 |   8711 |    597 |   3459 |   3049 |   4 | 2327.0 |
     Snake Pit |  18174 |  16738 |   1436 |   7785 |   5799 |   4 | 4543.5 |
  Orcish Mines |   3905 |   3711 |    194 |   1292 |   1488 |   2 | 1952.5 |
        Vaults |    866 |    864 |      2 |    382 |    255 |   1 |  866.0 |
       Ossuary |    541 |    541 |      0 |    295 |     21 |   1 |  541.0 |
      Ice Cave |   1759 |   1759 |      0 |    984 |      0 |   1 | 1759.0 |
      Gauntlet |   1269 |   1269 |      0 |    250 |    184 |   1 | 1269.0 |
               +--------+--------+--------+--------+--------+-----+--------+

Top non-repeatable levels by time:
 Snake:3: 6959 daAuts
 Snake:2: 5115 daAuts
    D:11: 3971 daAuts
 Snake:1: 3957 daAuts
  Lair:5: 3833 daAuts
  Lair:3: 3445 daAuts
 Swamp:1: 3437 daAuts
  Lair:1: 3063 daAuts
    D:14: 2969 daAuts
  Lair:2: 2680 daAuts
 Swamp:4: 2599 daAuts
   Orc:2: 2384 daAuts
  Lair:4: 2321 daAuts
     D:9: 2149 daAuts
 Snake:4: 2141 daAuts
